 Dungeon Crawl Stone Soup version 0.28-a0-233-gb8ca4b6547 (webtiles) character file.

Game seed: 550288011441517834

80 Mesmaeker13 the Ruffian (level 4, 38/38 HPs)
             Began as a Ghoul Gladiator on Aug 22, 2021.
             Safely got out of the dungeon.
             The game lasted 00:02:04 (2457 turns).

Mesmaeker13 the Ruffian (Ghoul Gladiator)           Turns: 2457, Time: 00:02:05

Health: 38/38      AC:  4    Str: 17    XL:     4   Next: 39%
Magic:  3/3        EV: 12    Int:  4    God:
Gold:   107        SH:  0    Dex: 10    Spells: 3/3 levels left

rFire   . . .      SeeInvis .     - Unarmed
rCold   + . .      Faith    .   (no shield)
rNeg    + + +      Spirit   .   a - +0 leather armour
rPois   ∞          Reflect  .   b - +0 helmet
rElec   .          Harm     .   (no cloak)
rCorr   .          Rampage  .   (no gloves)
Will    .....                   (no boots)
Stlth   +.........              (no amulet)
HPRegen 0.12/turn               (no ring)
MPRegen 0.08/turn               (no ring)

@: no status effects
A: claws 1, cold resistance 1, negative energy resistance 3, inhibited
regeneration, torment resistance 2
a: no special abilities


You escaped.
You visited 1 branch of the dungeon, and saw 3 of its levels.

You collected 107 gold pieces.

Inventory:

Missiles
 c - 3 throwing nets (quivered)
Armour
 a - a +0 leather armour (worn)
 b - a +0 helmet (worn)
Wands
 i - a wand of digging (4)
Scrolls
 e - 5 scrolls of teleportation {unknown}
 h - 3 scrolls of identify {unknown}
Potions
 d - 4 potions of curing {unknown}
 f - a potion of invisibility {unknown}
 g - a potion of lignification {unknown}
 j - a potion of flight {unknown}


   Skills:
 + Level 3.3 Fighting
 - Level 1.7 Throwing
 + Level 3.4 Dodging
 + Level 4.2 Unarmed Combat


You had 3 spell levels left.
You didn't know any spells.
Your spell library was empty.

Dungeon Overview and Level Annotations

Branches:
Dungeon (3/15)

Altars:
Dithmenos
The Shining One

Shops:
D:1 ?


Innate Abilities, Weirdness & Mutations

You thrive by killing the living.
You are immune to poison.
You have sharp fingernails.
Your flesh is cold resistant. (rC+)
You are immune to negative energy. (rN+++)
You do not regenerate when monsters are visible.
You are immune to unholy pain and torment.


Message History

There is an open door here.
You open the door.
There is an open door here.
A rat comes into view.
You scratch the rat.
You kill the rat!
An orc comes into view. It is wielding a +0 short sword.
The orc shouts!
An orc is nearby!
An orc is nearby!
The orc hits you but does no damage.
You scratch the orc.
The orc is heavily wounded.
The orc hits you with a +0 short sword.
You scratch the orc.
You kill the orc!
You feel better.
No target in view!
Things that are here:
a +0 short sword; an orc corpse
Things that are here:
a +0 short sword; an orc corpse Partly explored, can't reach some items and places.
No target in view!
No target in view!
No target in view!
Partly explored, can't reach some items and places.
Partly explored, can't reach some items and places.
There is a stone staircase leading up here.
You climb upwards.
There is a stone staircase leading down here.
You open the door.
There is an open door here.
There is a stone staircase leading up here.
You climb upwards.
There is a stone staircase leading down here.
There is an open door here.
There is a staircase leading out of the dungeon here.
Are you sure you want to leave the Dungeon?
This will make you lose the game!
You have escaped!

.#....#...##...##...##...########
....#.#..####..##..####..#
.#..#.#..####..##..####..#
.#..#.#...##...##...##...#
....#.#..................#
..#...##................##
......#######..##..######
......#######..##..######
......##........@.......##
P.....#..................#
P.....#...##...##...##...#
♣.....#..####..##..####..#
......#..####..##..####..#
......#...##...##...##...#
......#........##........#
......#'......####......'##
.......##################.#######


There were no monsters in sight!

Vanquished Creatures
  A centaur zombie (D:3)
  An adder (D:2)
  An orc (D:3)
  2 ball pythons
  2 endoplasms
  2 giant cockroaches
  5 goblins
  2 hobgoblins (D:1)
  4 jackals (D:1)
  A quokka (D:1)
  5 bats
  A frilled lizard (D:2)
  6 rats
33 creatures vanquished.

Notes
Turn   | Place    | Note
-------+----------+-------------------------------------------
     0 | D:1      | Mesmaeker13 the Ghoul Gladiator began the quest for the
                  | Orb.
     0 | D:1      | Reached XP level 1. HP: 17/17 MP: 0/0
   122 | D:1      | You fall into a shaft and drop 1 floor!
   192 | D:2      | Reached XP level 2. HP: 23/25 MP: 1/1
   615 | D:1      | Reached XP level 3. HP: 30/30 MP: 2/2
  1031 | D:1      | Found Xedec's Magic Scroll Shoppe.
  1350 | D:2      | Found a faded altar of an unknown god.
  1692 | D:3      | Reached skill level 4 in Unarmed Combat
  1692 | D:3      | Reached XP level 4. HP: 22/38 MP: 3/3
  2066 | D:3      | Found a shadowy altar of Dithmenos.
  2457 | D:$      | Safely got out of the dungeon.

Illustrated notes

Levels and vault maps discovered:
D:1:      minmay_arrival_four_loops, layout_basic, serial_forest,
          infiniplex_forest_clump_curved, infiniplex_forest_straight_5,
          infiniplex_forest_clump_small, infiniplex_forest_lined_2,
          infiniplex_forest_end_2, infiniplex_forest_straight_4,
          infiniplex_forest_zigzag_1, infiniplex_forest_pool,
          infiniplex_forest_lined_3_way, infiniplex_forest_clump_small,
          serial_shops, shop
D:2:      layout_loops_corners, ebering_ecumenical_altar_box
D:3:      layout_basic, lemuel_tele_altar, nicolae_dithmenos_the_darkroom,
          serial_forest, infiniplex_forest_corner_1, infiniplex_forest_lined_2,
          infiniplex_forest_straight_3, infiniplex_forest_zigzag_2,
          infiniplex_forest_lined_room_3, infiniplex_forest_lined_corner,
          infiniplex_forest_clump_medium

Skill      XL: |  1  2  3 |
---------------+----------+-----
Dodging        | 3 |  3.4
Fighting       | 3 |  3.3
Unarmed Combat | 4 |  4.2
Throwing       | |  1.7

Action                   |  1- 3 |  4- 6 || total
-------------------------+-------+-------++-------
Melee: Unarmed           |    79 |    12 ||    91
       Punch             |     1 |     1 ||     2
Armor: Leather armour    |    25 |     4 ||    29
Dodge: Dodged            |    69 |     2 ||    71

Table legend: (Time is in decaauts)
 A = Elapsed time spent in this place.
 B = Non-inter-level travel time spent in this place.
 C = Inter-level travel time spent in this place.
 D = Time resting spent in this place.
 E = Time spent auto-exploring this place.
 F = Levels seen in this place.
 G = Mean time per level.
                   A        B        C        D        E       F      G
               +--------+--------+--------+--------+--------+-----+--------+
         Total |   2453 |   2318 |    135 |     90 |   1976 |   3 |  817.7 |
       Dungeon |   2453 |   2318 |    135 |     90 |   1976 |   3 |  817.7 |
               +--------+--------+--------+--------+--------+-----+--------+

Top non-repeatable levels by time:
     D:1: 934 daAuts
     D:2: 795 daAuts
     D:3: 723 daAuts
